 Dungeon Crawl Stone Soup version 0.20-a0-850-ge5a7832 (webtiles) character file.

8780 Duffy the Cleaver (level 11, 0/75 HPs)
             Began as a Formicid Fighter on Mar 10, 2017.
             Was an Elder of Makhleb.
             Slain by a minotaur
             ... wielding a +3 lajatang of speed
              (11 damage)
             ... in a labyrinth.
             The game lasted 00:18:11 (10849 turns).

Duffy the Cleaver (Formicid Fighter)               Turns: 10849, Time: 00:18:12

Health: 0/75       AC: 17    Str: 25    XL:     11   Next: 62%
Magic:  11/11      EV:  7    Int:  7    God:    Makhleb [****..]
Gold:   98         SH: 12    Dex: 10    Spells: 10/10 levels left

rFire    . . .     SeeInvis +   m - +1 war axe (flame)
rCold    . . .     Gourm    .   v - +0 plate armour
rNeg     . . .     Faith    .   c - +0 shield
rPois    .         Spirit   .   (helmet unavailable)
rElec    .         Reflect  .   (no cloak)
rCorr    +         Harm     .   B - +1 pair of gloves
MR       +....                  (no boots)
Stlth    ..........             l - amulet of regeneration
Regen    0.7/turn               P - ring of Shadows {Umbra +Inv Stlth+}
MPRegen  0.2/turn               e - ring of resist corrosion

@: wreathed by umbra
A: permanent stasis, dig shafts and tunnels, four strong arms, antennae 3
a: Dig, Shaft Self, Minor Destruction, Lesser Servant of Makhleb, Major
Destruction, Renounce Religion, Evoke Invisibility


You were in a labyrinth.
You worshipped Makhleb.
Makhleb was greatly pleased with you.
You were not hungry.

You visited 1 branch of the dungeon, and saw 11 of its levels.
You also visited: Labyrinth.

You collected 538 gold pieces.
You spent 440 gold pieces at shops.

Inventory:

Hand Weapons
 a - a +0 war axe
 b - a +0 dagger of venom
 m - a +1 war axe of flaming (weapon)
 C - a +0 vampiric hand axe
Missiles
 q - 4 throwing nets (quivered)
Armour
 c - a +0 shield (worn)
 v - a +0 plate armour (worn)
 B - a +1 pair of gloves (worn)
Jewellery
 e - a ring of resist corrosion (left hand)
 g - an uncursed ring of flight
 i - an uncursed ring of protection from cold
 l - an amulet of regeneration (around neck)
 L - an uncursed ring of fire
 P - the ring of Shadows (right hand) {Umbra +Inv Stlth+}
   (You bought it in a shop on level 6 of the Dungeon)

   [ring of stealth]

   It lets you turn invisible.
   It makes you more stealthy.
Wands
 J - a wand of acid (0/15)
Scrolls
 o - a scroll of enchant weapon {unknown}
 t - 3 scrolls of remove curse
 w - a scroll of immolation {unknown}
 A - a scroll of magic mapping {unknown}
 D - 2 scrolls of recharging
 E - 3 scrolls of enchant armour
 I - a scroll of fog {unknown}
 K - a scroll of noise {unknown}
Potions
 d - 7 potions of might
 j - 5 potions of heal wounds
 n - 2 potions of magic {unknown}
 p - 2 potions of haste {unknown}
 r - a potion of ambrosia
 u - 5 potions of flight
 x - a potion of lignification {unknown}
 z - 2 potions of degeneration {unknown}
 F - a potion of invisibility {unknown}
 G - 2 potions of curing {unknown}
 H - 2 potions of resistance {unknown}
 N - a potion of cancellation
Miscellaneous
 M - a lamp of fire (inert)
Comestibles
 f - 8 bread rations
 h - 4 royal jellies
 k - 9 meat rations
 s - 7 fruits


   Skills:
 + Level 3.2 Fighting
 + Level 12.2 Axes
 - Level 11.5 Armour
 - Level 9.0 Shields


You had 10 spell levels left.
You didn't know any spells.

Dungeon Overview and Level Annotations

Branches:
Dungeon (11/15)            Temple (0/1) D:7
   Lair: D:8-11         Orc: D:9-12

Altars:
Elyvilon
Fedhas
Gozag
Makhleb
Nemelex Xobeh
Okawaru
Qazlal
Ru
Sif Muna
Trog
Vehumet
Wu Jian
Yredelemnul
Zin

Shops:
D:6 =


Innate Abilities, Weirdness & Mutations

You cannot be hasted, slowed, berserked, paralysed or teleported.
You can dig through walls and to a lower floor.
Your four strong arms can wield two-handed weapons with a shield.
You have a pair of large antennae on your head. (SInv)


Message History

Your plate armour prevents you from hitting the minotaur.
The minotaur is heavily wounded.
The minotaur hits you with a lajatang of speed!!
The minotaur completely misses you.
You slash the minotaur! You burn the minotaur.
The minotaur is severely wounded.
The minotaur hits you but does no damage.
You block the minotaur's attack.
You hit the minotaur but do no damage.
The minotaur is severely wounded.
You block the minotaur's attack.
The minotaur gores you but does no damage.
You hit the minotaur.
The minotaur is almost dead.
You block the minotaur's attack. The minotaur gores you!
You slash the minotaur!
The minotaur is almost dead.
The minotaur hits you with a lajatang of speed!!
The minotaur gores you!
You die...

. #
##########
#........#
.
#.######.#
# . #.# #.
#@# #
#....H.# #
########
#. #. . ##
##


You could see a minotaur.

Vanquished Creatures
  A two-headed ogre (D:9)
  2 trolls
  A hornet (D:8)
  A hippogriff (D:11)
  2 redbacks (Lab)
  A shadow (D:10)
  13 yaks
  A wyvern (D:9)
  A water moccasin (D:7)
  2 orc warriors
  A black bear (D:10)
  3 ice beasts
  8 ogres
  4 centaurs
  3 big kobolds
  6 bullfrogs
  2 gnoll sergeants
  7 scorpions
  3 wights (D:9)
  5 electric eels (D:10)
  3 howler monkeys (D:9)
  4 crimson imps
  3 centaur zombies
  A quasit (D:10)
  2 hounds
  4 orc priests
  2 jellies
  5 orc wizards
  A bullfrog skeleton (D:4)
  5 iguanas
  9 worker ants
  A hound zombie (D:8)
  A hound skeleton (D:6)
  A howler monkey zombie (D:5)
  Robin (D:3)
  19 gnolls
  12 adders
  A shadow imp (D:7)
  An ooze (D:7)
  An adder zombie (D:6)
  2 worms
  2 dart slugs
  5 leopard geckos
  20 orcs
  8 giant cockroaches
  11 hobgoblins
  25 kobolds
  6 quokkas
  6 bats
  4 frilled lizards
  19 goblins
  A jackal skeleton (D:4)
  2 leopard gecko skeletons
  A quokka skeleton (D:9)
  10 rats
266 creatures vanquished.

Notes
Turn   | Place    | Note
-------+----------+-------------------------------------------
     0 | D:1      | Duffy the Formicid Fighter began the quest for the Orb.
     0 | D:1      | Reached XP level 1. HP: 18/18 MP: 1/1
   300 | D:1      | Reached XP level 2. HP: 19/24 MP: 2/2
  1358 | D:2      | Reached XP level 3. HP: 29/29 MP: 3/3
  1549 | D:2      | Reached skill level 3 in Axes
  1720 | D:2      | Reached XP level 4. HP: 35/35 MP: 4/4
  2003 | D:3      | Reached skill level 5 in Shields
  2003 | D:3      | Reached XP level 5. HP: 36/41 MP: 5/5
  2295 | D:3      | Reached skill level 4 in Axes
  2302 | D:3      | Found an iron altar of Okawaru.
  2341 | D:3      | Noticed Robin
  2373 | D:3      | Killed Robin
  2373 | D:3      | Reached XP level 6. HP: 46/47 MP: 6/6
  2459 | D:3      | Noticed an orc warrior
  2461 | D:3      | Noticed an ogre
  2612 | D:4      | Noticed an ogre
  2621 | D:4      | Killed an ogre
  2621 | D:4      | Reached skill level 5 in Axes
  2864 | D:4      | Reached XP level 7. HP: 52/52 MP: 7/7
  2999 | D:4      | Found a burning altar of Makhleb.
  2999 | D:4      | Noticed a balrug
  3000 | D:4      | Found a glowing silver altar of Zin.
  3000 | D:4      | Noticed an angel
  3004 | D:4      | Became a worshipper of Makhleb the Destroyer
  3203 | D:4      | Reached skill level 6 in Axes
  3704 | D:3      | Reached XP level 8. HP: 51/58 MP: 8/8
  4084 | D:5      | Entered Level 5 of the Dungeon
  4443 | D:5      | Reached * piety under Makhleb
  4519 | D:5      | Reached skill level 7 in Axes
  4890 | D:6      | Found Cavvufal's Jewellery Emporium.
  5322 | D:6      | Reached XP level 9. HP: 64/64 MP: 9/9
  5482 | D:6      | Reached skill level 5 in Armour
  5494 | D:6      | Reached skill level 8 in Axes
  5826 | D:7      | Found a staircase to the Ecumenical Temple.
  6464 | D:7      | Found a deep blue altar of Sif Muna.
  6465 | D:7      | Found a stormy altar of Qazlal.
  6688 | D:8      | Reached ** piety under Makhleb
  6713 | D:8      | Reached skill level 9 in Axes
  6756 | D:8      | Found a sparkling altar of Nemelex Xobeh.
  6756 | D:8      | Found a basalt altar of Yredelemnul.
  6757 | D:8      | Found a white marble altar of Elyvilon.
  6773 | D:8      | Found a bloodstained altar of Trog.
  6821 | D:8      | Noticed a hornet
  6837 | D:8      | Killed a hornet
  6910 | D:7      | Reached XP level 10. HP: 39/70 MP: 10/10
  7012 | D:8      | Found an opulent altar of Gozag.
  7130 | D:8      | Reached skill level 10 in Axes
  7489 | D:8      | Found a blossoming altar of Fedhas.
  7628 | D:8      | Found a sacrificial altar of Ru.
  8280 | D:9      | Reached *** piety under Makhleb
  8307 | D:9      | Noticed a two-headed ogre
  8320 | D:9      | Killed a two-headed ogre
  8424 | D:9      | Found a radiant altar of Vehumet.
  8425 | D:9      | Found an ornate altar of the Wu Jian Council.
  8773 | D:9      | Reached skill level 11 in Axes
  8975 | D:6      | Bought the ring of Shadows {Umbra +Inv Stlth+} for 440 gold pieces
  9037 | D:10     | Entered Level 10 of the Dungeon
  9060 | D:10     | Reached skill level 10 in Armour
  9061 | D:10     | Reached XP level 11. HP: 67/75 MP: 11/11
  9411 | D:10     | Found a stormy altar of Qazlal.
  9926 | D:10     | Reached **** piety under Makhleb
  9931 | D:10     | Reached skill level 12 in Axes
 10486 | D:11     | Found a labyrinth entrance.
 10491 | Lab      | Entered a labyrinth
 10841 | Lab      | Noticed a minotaur
 10849 | Lab      | Slain by a minotaur

Vault maps used:
D:1:      sevenhm_arrival_forest_fort_small_3
D:3:      okawaru_altar_gauntlet_db, uniq_robin
D:4:      grunt_temple_overflow_order_and_chaos_2, first_bread,
          hangedman_decor_diamond_cutter, minivault_24, st_stairs_13,
          serial_bayou_pond_c, kennysheep_generic_room_8
D:6:      serial_shops, shop
D:7:      gammafunk_temple_overflow_statue, minmay_temple_entry_nine_rooms
D:8:      nicolae_overflow_crystal_walls, gammafunk_temple_overflow_forgotten,
          lemuel_crystal_altar, lemuel_crystal_altar,
          nicolae_gozag_cash_rules_everything_around_me, grunt_ogre_cave
D:9:      overflow_temple_1_default, overflow_temple_1_default
D:10:     grunt_qazlal_clouds
D:11:     erik_lair_orcish_takeover, kennysheep_orc_monster_closet_entryway,
          enter_trove_1, lab_entry_generic
Lab:      labyrinth_spiral, labyrinth_fake_exit, nicolae_lab_starburst,
          nicolae_lab_diamond, nicolae_lab_do_over, nicolae_lab_stuck,
          nicolae_lab_hexagon, labyrinth_skeletal_remains

Skill      XL: |  1  2  3  4  5  6  7  8  9 10 11 |
---------------+----------------------------------+-----
Shields        | 4 5 6 7 9 |  9.0
Axes           | 3 4 5 6 7 9 11 12 | 12.2
Armour         | 4 7 10 11 | 11.5
Fighting       | |  3.2

Action                   |  1- 3 |  4- 6 |  7- 9 | 10-12 || total
-------------------------+-------+-------+-------+-------++-------
Melee: War axe           |   109 |   154 |   329 |   407 ||   999
       Dagger            |       |    17 |    62 |       ||    79
 Abil: Dig               |       |     6 |     6 |    13 ||    25
Evoke: Wand              |       |       |       |    11 ||    11
       Lamp of fire      |       |       |       |     1 ||     1
  Use: Scroll            |       |       |     5 |     7 ||    12
  Eat: Chunk             |     3 |     5 |    14 |     7 ||    29
       Bread ration      |       |       |       |     2 ||     2
Armor: Scale mail        |     7 |       |       |       ||     7
       Chain mail        |    42 |    88 |       |       ||   130
       Plate armour      |       |     2 |   141 |   182 ||   325
Dodge: Dodged            |    22 |    33 |    64 |   102 ||   221
Block: Shield            |    54 |   115 |   219 |   237 ||   625
